 Dungeon Crawl Stone Soup version 0.29.1-1-gd02db6906a (webtiles) character file.

Game seed: 6422593186330868079

100 Icepheonix32 the Trooper (level 4, -3/41 HPs)
             Began as a Minotaur Fighter on Sept 19, 2022.
             Slain by an orc wizard
             ... wielding a +0 dagger
              (4 damage)
             ... on level 3 of the Dungeon.
             The game lasted 00:01:49 (1906 turns).

Icepheonix32 the Trooper (Minotaur Fighter)         Turns: 1906, Time: 00:01:49

Health: -3/41      AC:  7    Str: 21    XL:     4   Next: 46%
Magic:  3/3        EV:  9    Int:  5    God:
Gold:   118        SH:  4    Dex: 11    Spells: 3/3 levels left

rFire   . . .      SeeInvis .   l - +2 spear (venom)
rCold   . . .      Faith    .   c - +0 buckler
rNeg    . . .      Spirit   .   b - +0 scale mail
rPois   .          Reflect  .   (helmet restricted)
rElec   .          Harm     .   (no cloak)
rCorr   .          Rampage  .   (no gloves)
Will    .....                   (no boots)
Stlth   ..........              (no amulet)
HPRegen 0.13/turn               (no ring)
MPRegen 0.08/turn               (no ring)

@: brilliant, hasted, very quick
A: horns 2, retaliatory headbutt
a: no special abilities


You were on level 3 of the Dungeon.
You visited 1 branch of the dungeon, and saw 3 of its levels.

You collected 118 gold pieces.

Inventory:

Hand Weapons
 a - a +0 war axe
 i - a +3 dagger
 l - a +2 spear of venom (weapon)
Armour
 b - a +0 scale mail (worn)
 c - a +0 buckler (worn)
Jewellery
 m - a ring of positive energy
Wands
 q - a wand of roots (4)
Scrolls
 h - a scroll of enchant armour {unknown}
 k - 2 scrolls of silence {unknown}
 n - a scroll of blinking {unknown}
 o - 3 scrolls of identify {unknown}
 p - a scroll of immolation {unknown}
Potions
 d - a potion of might
 e - a potion of magic
 j - a potion of brilliance
 r - a potion of haste


   Skills:
 * Level 4.6 Fighting
 + Level 1.0 Short Blades
 + Level 3.1(3.2) Axes
 + Level 0.7(2.1) Polearms
 + Level 4.1 Armour
 + Level 1.2 Dodging
 + Level 0.3 Stealth
 + Level 4.0 Shields


You had 3 spell levels left.
You didn't know any spells.
Your spell library contained the following spells:

 Spells                   Type           Power      Damage    Failure   Level
 Frozen Ramparts          Ice            0%         1d1       99%         3
 Ice Form                 Ice/Tmut       0%         N/A       100%        4
 Summon Ice Beast         Ice/Summ       0%         N/A       100%        4
 Fireball                 Conj/Fire      0%         3d3       100%        5
 Starburst                Conj/Fire      0%         6d3       100%        6
 Ignition                 Fire           0%         3d3       100%        8


Dungeon Overview and Level Annotations

Branches:
Dungeon (3/15)

Altars:


Innate Abilities, Weirdness & Mutations

You have a pair of horns on your head.
You reflexively headbutt those who attack you in melee.


Message History

Unknown command.
You miss something. Your headbutt misses something. Something hits you.
The orc hits you from afar with a +0 trident.
You bump into the rock wall.
You hear some strange, mumbled words.
A puff of flame appears from out of thin air!
The puff of flame hits you!
The orc hits you from afar with a +0 trident.
You closely miss something. Your headbutt misses something.
Something hits you but does no damage. The orc hits you but does no damage.
You hit something.
You hear some strange, mumbled words.
Something tries to affect you, but you resist.
The orc hits you but does no damage.
You hit something but do no damage. Something hits you.
The orc closely misses you.
You're too confused to move!
You feel less confused.
You hear some strange, mumbled words.
A puff of flame appears from out of thin air!
The puff of flame hits you!
* * * LOW HITPOINT WARNING * * *
The orc hits you from afar with a +0 trident.
* * * LOW HITPOINT WARNING * * *
It was a potion of magic.
Magic courses through your body. You block something's attack.
The orc closely misses you.
It was a potion of cancellation.
You feel magically purged. Something hits you but does no damage.
The orc hits you but does no damage.
It was a potion of curing.
You feel better.
You hear some strange, mumbled words.
A puff of flame appears from out of thin air!
The puff of flame hits you.
* * * LOW HITPOINT WARNING * * *
The orc hits you from afar with a +0 trident.
* * * LOW HITPOINT WARNING * * *
It was a potion of brilliance.
You feel clever all of a sudden. Something hits you but does no damage.
The orc barely misses you.
It was a potion of haste.
You feel yourself speed up. Something hits you.
You die...

# # ..### #
#...oo#### #
#o{@># #
####.## # #..##
# ##..### #
##...########
##
###.##.....###.
#.##.........
#.##.........
#.........###


You could see 3 orcs.

Vanquished Creatures
  Jessica (D:2)
  2 adders (D:2)
  A worm (D:2)
  5 ball pythons
  2 bats
  4 endoplasms
  2 giant cockroaches
  6 hobgoblins
  7 jackals
  4 quokkas
  A frilled lizard (D:2)
  3 goblins
  3 kobolds
  9 rats
50 creatures vanquished.

Notes
Turn   | Place    | Note
-------+----------+-------------------------------------------
     0 | D:1      | Icepheonix32 the Minotaur Fighter began the quest for the
                  | Orb.
     0 | D:1      | Reached XP level 1. HP: 19/19 MP: 0/0
   190 | D:1      | Reached XP level 2. HP: 22/27 MP: 1/1
   301 | D:1      | Found a faded altar of an unknown god.
  1144 | D:2      | Reached XP level 3. HP: 26/34 MP: 2/2
  1239 | D:2      | Reached skill level 1 in Dodging
  1693 | D:2      | Noticed Jessica
  1697 | D:2      | Killed Jessica
  1698 | D:2      | Reached skill level 1 in Short Blades
  1698 | D:2      | Reached XP level 4. HP: 39/41 MP: 3/3
  1904 | D:3      | HP: 1/41 [orc/+0 trident (4)]
  1906 | D:3      | Slain by an orc wizard

Illustrated notes

Levels and vault maps discovered:
D:1:      dpeg_arrival_yet_another_circle, layout_basic,
          ebering_ecumenical_altar_sacrificial, minivault_25
D:2:      layout_basic, uniq_jessica
D:3:      layout_rooms, pdpol_wu_jian_five_deadly_venoms

Skill      XL: |  1  2  3 |
---------------+----------+-----
Fighting       | 4 |  4.6
Shields        | 4 |  4.0
Dodging        | 1 |  1.2
Armour         | 4 |  4.1
Short Blades   | 1 |  1.0
Axes           | 3 |  3.1
Polearms       | |  0.7
Stealth        | |  0.3

Action                   |  1- 3 |  4- 6 || total
-------------------------+-------+-------++-------
Melee: War axe           |    54 |       ||    54
       Headbutt          |    13 |     1 ||    14
       Dagger            |    27 |       ||    27
       Spear             |    16 |    21 ||    37
  Use: Potion            |       |     5 ||     5
Armor: Scale mail        |    51 |    10 ||    61
Dodge: Dodged            |    50 |     7 ||    57
Block: Buckler           |    23 |     2 ||    25
